 Dungeon Crawl Stone Soup version 0.22-a0-614-g34fbaa0 (webtiles) character file.

2610 zishaf the Conjurer (level 9, -3/71 HPs)
             Began as a Barachi Ice Elementalist on July 21, 2018.
             Was an Initiate of Cheibriados.
             Slain by a troll (10 damage)
             ... on level 7 of the Dungeon.
             The game lasted 00:26:35 (10374 turns).

zishaf the Conjurer (Barachi Ice Elementalist)     Turns: 10374, Time: 00:26:35

Health: -3/71      AC:  4    Str: 10      XL:     9   Next: 59%
Magic:  23/28      EV: 13    Int: 20      God:    Cheibriados [......]
Gold:   483        SH:  0    Dex: 10 (14) Spells: 11/22 levels left

rFire    . . .     SeeInvis .   F - +7 dagger "Lifebane" {drain, +Fly rN+}
rCold    + + .     Gourm    .   (no shield)
rNeg     + . .     Faith    .   w - +1 animal skin
rPois    .         Spirit   .   x - +0 helmet
rElec    .         Reflect  .   L - scarf {rC+ rF+}
rCorr    .         Harm     .   (no gloves)
MR       .....                  (no boots)
Stlth    ++........             d - amulet of the acrobat
HPRegen  0.21/turn              I - ring of ice
MPRegen  0.21/turn              B - ring of magical power

@: can't hop, very slow
A: +LOS, swims, slowness 1, strong legs 1
a: Hop, Bend Time, Renounce Religion, Evoke Flight


You were on level 7 of the Dungeon.
You worshipped Cheibriados.
Cheibriados was noncommittal.
You were not hungry.

You visited 2 branches of the dungeon, and saw 9 of its levels.

You collected 483 gold pieces.

Inventory:

Hand Weapons
 a - a +3 short sword of venom
 b - a +0 hunting sling of flaming
 s - a cursed -3 hunting sling
 A - a +2 dagger of holy wrath
 E - a +2 hand axe of flaming
 F - the +7 dagger "Lifebane" (weapon) {drain, +Fly rN+}
   (You found it on level 5 of the Dungeon)

   A truly terrible weapon, it drains the life of those it strikes.
   It protects you from negative energy.
   It lets you fly.
Missiles
 p - 213 stones (quivered)
Armour
 w - a +1 animal skin (worn)
 x - a +0 helmet (worn)
 L - a scarf of resistance (worn)
 Q - a cursed +0 leather armour
Magical Staves
 K - an uncursed staff of earth {unknown}
Jewellery
 d - an amulet of the acrobat (around neck)
 n - an uncursed ring of teleportation
 B - a ring of magical power (right hand)
 C - a +3 ring of dexterity
 I - a ring of ice (left hand)
 J - a +5 ring of strength
 M - an uncursed ring of resist corrosion
Scrolls
 e - 2 scrolls of teleportation {unknown}
 i - 2 scrolls of magic mapping {unknown}
 j - 3 scrolls of fear {unknown}
 k - 4 scrolls of remove curse
 o - 6 scrolls of identify
 r - a scroll of immolation {unknown}
 y - a scroll of amnesia {unknown}
 D - a scroll of holy word
 N - a scroll of fog {unknown}
 O - a scroll of noise {unknown}
Potions
 f - 3 potions of mutation {unknown}
 g - 2 potions of magic {unknown}
 h - 2 potions of brilliance {unknown}
 l - a potion of invisibility {unknown}
 q - 2 potions of curing
 t - a potion of degeneration {unknown}
 u - 2 potions of experience {unknown}
 v - a potion of lignification {unknown}
 z - a potion of might {unknown}
 G - a potion of haste {unknown}
 H - a potion of agility {unknown}
Comestibles
 c - 18 rations


   Skills:
 + Level 6.6 Fighting
 + Level 3.0 Armour
 + Level 3.6 Dodging
 - Level 2.0 Stealth
 - Level 7.0 Spellcasting
 - Level 7.0 Conjurations
 - Level 4.0 Summonings
 - Level 5.0 Ice Magic
 + Level 2.7 Evocations


You had 11 spell levels left.
You knew the following spells:

 Your Spells              Type           Power        Failure   Level  Hunger
a - Freeze                Ice            ####         1%          1    None
b - Throw Frost           Conj/Ice       #####.       1%          2    None
c - Summon Ice Beast      Ice/Summ       #####...     14%         4    ###....
d - Throw Icicle          Conj/Ice       #####...     8%          4    ###....

Your spell library contained the following spells:

 Spells                   Type           Power        Failure   Level  Hunger
 Ozocubu's Armour         Chrm/Ice       ####....     10%         3    #......


Dungeon Overview and Level Annotations

Branches:
Dungeon (8/15)             Temple (1/1) D:7
   Lair: D:8-11

Altars:
Cheibriados
Dithmenos
Elyvilon
Fedhas
Gozag
Hepliaklqana
Kikubaaqudgha
Makhleb
Nemelex Xobeh
Okawaru
Qazlal
Ru
Sif Muna
Trog
Uskayaw
Vehumet
Wu Jian
Xom
Zin
The Shining One


Innate Abilities, Weirdness & Mutations

Shadows flee at your approach. (+LOS)
You can swim through water.
You cover ground slowly.
You can hop short distances.


Message History

* * * LOW HITPOINT WARNING * * *
The troll barely misses you. The troll claws you but does no damage.
Casting: Freeze (safe; 1% risk of failure)
Confirm with . or Enter, or press ? or * to list all spells.
Aiming: Freeze (safe; 1% risk of failure)
Press: ? - help, Shift-Dir - straight line, f/p - troll
Aim: a troll (moderately wounded)
You feel a surge of power!
You freeze the troll.
The troll is heavily wounded.
You are ready to hop once more.
The troll barely misses you. x2; The troll misses you.
Hop to where?
Press: ? - help, Dir - move target cursor, p - troll Boing!
The troll barely misses you. The troll closely misses you.
The troll misses you. The troll bites you but does no damage.
The troll closely misses you. The troll completely misses you.
There is a staircase to the Ecumenical Temple here.
The troll bites you!
You die...

..## ##...........#####..
...## ###...........## #.#
....# #####...........#.#
###.#
....####.....#.........#.#
#...#
.......#)#####.........#.#
#.###
...#...................#.#
#.#
.....########.#####....#.#
#.# ....##
#.#...#....#.####.# ....#
#.#.@.#...........# ....#
#.#.T.#......###.## ...##
#.#.#.#......# #.# ..##
#.#...#...#### ### ###
#.#.>.#..## ###...####
#####


You could see a troll.

Vanquished Creatures
  4 hogs (D:7)
  A human (D:7)
  An orc warrior (D:6)
  2 ice beasts
  2 ogres
  A big kobold (D:8)
  3 bullfrogs
  2 water moccasin skeletons
  A howler monkey (D:7)
  2 crimson imps
  3 centaur zombies
  4 hounds
  3 orc priests
  5 orc wizards
  A bullfrog skeleton (D:5)
  Terence (D:2)
  An iguana (D:6)
  7 worker ants
  A hound zombie (D:5)
  Robin (D:3)
  2 worker ant zombies
  10 adders
  2 shadow imps
  An adder skeleton (D:6)
  3 worms
  A dart slug (D:3)
  8 leopard geckos
  16 orcs
  A ball python (D:2)
  2 giant cockroaches
  17 goblins
  13 hobgoblins
  18 jackals
  6 kobolds
  9 bats
  7 frilled lizards
  A leopard gecko skeleton (D:5)
  A quokka skeleton (D:7)
  7 rats
171 creatures vanquished.

Vanquished Creatures (collateral kills)
  A quasit (D:8)
1 creature vanquished.

Grand Total: 172 creatures vanquished

Notes
Turn   | Place    | Note
-------+----------+-------------------------------------------
     0 | D:1      | zishaf the Barachi Ice Elementalist began the quest for the Orb.
     0 | D:1      | Reached XP level 1. HP: 13/13 MP: 3/3
   246 | D:1      | Reached XP level 2. HP: 19/19 MP: 1/5
   723 | D:1      | Reached XP level 3. HP: 18/24 MP: 0/7
  1343 | D:2      | Learned a level 2 spell: Throw Frost
  1484 | D:2      | Reached XP level 4. HP: 23/30 MP: 2/8
  1615 | D:2      | Found a shadowy altar of Dithmenos.
  1808 | D:2      | Noticed Terence
  1839 | D:2      | Killed Terence
  2060 | D:2      | Reached XP level 5. HP: 35/35 MP: 10/10
  2251 | D:3      | Reached skill level 5 in Ice Magic
  2855 | D:3      | Noticed Robin
  2990 | D:3      | Found a sparkling altar of Nemelex Xobeh.
  2999 | D:3      | Found an opulent altar of Gozag.
  3013 | D:3      | Found a hide-covered altar of Uskayaw.
  3020 | D:3      | Found a deep blue altar of Sif Muna.
  3045 | D:3      | Killed Robin
  3989 | D:5      | Entered Level 5 of the Dungeon
  4068 | D:5      | Noticed an ogre
  4425 | D:5      | Reached XP level 6. HP: 37/41 MP: 12/12
  4546 | D:5      | Found a radiant altar of Vehumet.
  4546 | D:5      | Found a bloodstained altar of Trog.
  4546 | D:5      | Found a stormy altar of Qazlal.
  5123 | D:5      | Got a crystal dagger
  5124 | D:5      | Identified the +7 dagger "Lifebane" {drain, +Fly rN+} (You found it on level 5 of the Dungeon)
  5749 | D:5      | Found a shimmering altar of Xom.
  5749 | D:5      | Found a shimmering altar of Xom.
  6112 | D:6      | Reached XP level 7. HP: 43/46 MP: 14/14
  6184 | D:6      | Reached skill level 5 in Spellcasting
  6184 | D:6      | Reached skill level 5 in Conjurations
  6519 | D:6      | Found a white marble altar of Elyvilon.
  6574 | D:6      | Found an opulent altar of Gozag.
  6954 | D:6      | Found an ancient bone altar of Kikubaaqudgha.
  7013 | D:6      | Reached XP level 8. HP: 41/52 MP: 13/17
  7659 | D:6      | Reached skill level 1 in Fighting
  8513 | D:7      | Reached skill level 5 in Fighting
  9068 | D:7      | Learned a level 4 spell: Summon Ice Beast
  9073 | D:7      | Learned a level 4 spell: Throw Icicle
  9145 | D:7      | Found a staircase to the Ecumenical Temple.
  9245 | D:7      | Reached skill level 1 in Armour
  9245 | D:7      | Reached skill level 1 in Summonings
  9245 | D:7      | Reached skill level 1 in Evocations
  9245 | D:7      | Reached XP level 9. HP: 21/69 MP: 19/19
  9770 | Temple   | Entered the Ecumenical Temple
  9813 | Temple   | Became a worshipper of Cheibriados the Contemplative
 10326 | D:8      | Found a hazy altar of Hepliaklqana.
 10326 | D:8      | Noticed a troll
 10363 | D:7      | HP: 3/71 [troll (16)]
 10374 | D:7      | Slain by a troll

Vault maps used:
D:1:      dpeg_arrival_rooms_b
D:2:      lemuel_doored_altar, first_ration, minmay_pentomino_w4, uniq_terence
D:3:      grunt_temple_overflow_cloverleaf, uniq_robin
D:5:      grunt_temple_overflow_open, serial_park_tiny_1, xom_redecorated
D:6:      overflow_temple_1_default, marbit_many_paths,
          nicolae_gozag_seed_capital
D:7:      minmay_temple_entry_from_below_a, grunt_livestock
D:8:      nicolae_overflow_crystal_walls, lemuel_round_altar,
          dk_rats_in_the_wall
Temple:   jpeg_temple_island

Skill      XL: |  1  2  3  4  5  6  7  8  9 |
---------------+----------------------------+-----
Stealth        | 2 |  2.0
Ice Magic      | 4 5 |  5.0
Spellcasting   | 3 4 6 7 |  7.0
Conjurations   | 2 4 6 7 |  7.0
Fighting       | 5 6 |  6.6
Armour         | 1 3 |  3.0
Summonings     | 1 4 |  4.0
Evocations     | 1 2 |  2.7
Dodging        | 3 |  3.6

Action                   |  1- 3 |  4- 6 |  7- 9 || total
-------------------------+-------+-------+-------++-------
Melee: Short sword       |    58 |   139 |       ||   197
       Dagger            |       |    35 |   198 ||   233
       Hand axe          |       |    10 |       ||    10
 Fire: Hunting sling     |    17 |     6 |       ||    23
 Cast: Freeze            |    33 |    30 |    55 ||   118
       Throw Frost       |       |    15 |    23 ||    38
       Throw Icicle      |       |       |    12 ||    12
       Summon Ice Beast  |       |       |     1 ||     1
Invok: Bend Time         |       |       |     1 ||     1
 Abil: Hop               |     2 |     4 |     5 ||    11
  Use: Scroll            |       |       |     2 ||     2
       Potion            |       |       |     3 ||     3
 Stab: Sleeping          |     2 |     4 |     4 ||    10
  Eat: Chunk             |     2 |    14 |    13 ||    29
       Ration            |       |     1 |     1 ||     2
Armor: Robe              |    24 |    24 |       ||    48
       Animal skin       |       |    37 |    72 ||   109
Dodge: Dodged            |    76 |   145 |   231 ||   452

Table legend:
 A = Spawn XP
 B = Non-spawn XP
 C = Spawn XP percentage of total XP
 D = Spawn monster count
 E = Non-spawn monster count
 F = Spawn count percentage of total count
 G = Total turns spent on level
                    A         B        C        D         E        F      G
               +---------+---------+-------+---------+---------+-------+---------
         Total |       0 |    3729 |   0.0 |       0 |     172 |   0.0 | 10374
               +---------+---------+-------+---------+---------+-------+---------
           D:1 |       0 |      50 |   0.0 |       0 |      31 |   0.0 |  1146
           D:2 |       0 |     115 |   0.0 |       0 |      30 |   0.0 |  1090
           D:3 |       0 |      89 |   0.0 |       0 |      29 |   0.0 |  1056
           D:4 |       0 |      22 |   0.0 |       0 |       4 |   0.0 |  1493
           D:5 |       0 |     334 |   0.0 |       0 |      17 |   0.0 |  1305
           D:6 |       0 |    1167 |   0.0 |       0 |      33 |   0.0 |  2559
           D:7 |       0 |    1676 |   0.0 |       0 |      20 |   0.0 |  1075
           D:8 |       0 |     276 |   0.0 |       0 |       8 |   0.0 |   316
               +---------+---------+-------+---------+---------+-------+---------
